 Dungeon Crawl Stone Soup version 0.23.2-30-g0e89c35649 (webtiles) character file.

Game seed: 10577260939677015635

25475 Kairos the Cleaver (level 12, 0/123 HPs)
             Began as a Deep Dwarf Fighter on June 7, 2019.
             Was a High Priest of Makhleb.
             Slain by Snorg (15 damage)
             ... on level 4 of the Lair of Beasts.
             The game lasted 00:26:06 (10644 turns).

Kairos the Cleaver (Deep Dwarf Fighter)            Turns: 10644, Time: 00:26:06

Health: 0/123      AC:  9    Str: 25    XL:     12   Next: 89%
Magic:  1/1        EV: 16    Int:  9    God:    Makhleb [*****.]
Gold:   714        SH: 15    Dex: 12    Spells: 11/11 levels left

rFire    + + +     SeeInvis .   O - +5 hand axe
rCold    . . .     Gourm    .   c - +0 shield
rNeg     . . .     Faith    .   K - +1 ring mail "Kyacag" {rF++ Int-4}
rPois    .         Spirit   .   k - +0 helmet
rElec    .         Reflect  +   (no cloak)
rCorr    .         Harm     .   (no gloves)
MR       +....     Rnd*Tele +   (no boots)
Stlth    +.........             u - +2 amulet of reflection
HPRegen  0.00/turn              T - ring of teleportation
MPRegen  0.07/turn              b - ring "Nelio" {EV+2 Int+4}

@: very slightly contaminated, non-regenerating
A: damage resistance, heal wounds, fire resistance 1, sense surroundings 2,
robust 1, no regeneration
a: Heal Wounds, Minor Destruction, Lesser Servant of Makhleb, Major Destruction,
Greater Servant of Makhleb, Renounce Religion


You were on level 4 of the Lair of Beasts.
You worshipped Makhleb.
Makhleb was extremely pleased with you.
You were not hungry.

You visited 3 branches of the dungeon, and saw 17 of its levels.

You collected 896 gold pieces.
You spent 182 gold pieces at shops.

Inventory:

Hand Weapons
 a - a +0 war axe
 J - a +2 morningstar of protection
 O - a +5 hand axe (weapon)
Missiles
 H - a throwing net (quivered)
Armour
 c - a +0 shield (worn)
 k - a +0 helmet (worn)
 o - a +0 plate armour
 K - the +1 ring mail "Kyacag" (worn) {rF++ Int-4}
   (You found it on level 10 of the Dungeon)

   It affects your intelligence (-4).
   It greatly protects you from fire.
Jewellery
 b - the ring "Nelio" (right hand) {EV+2 Int+4}
   (You took it off an orc on level 8 of the Dungeon)

   [ring of evasion]

   It affects your evasion (+2).
   It affects your intelligence (+4).
 g - a +2 ring of dexterity
 i - an uncursed amulet of the gourmand
 n - an uncursed amulet of magic regeneration
 u - a +2 amulet of reflection (around neck)
 L - a +1 ring of evasion
 T - a ring of teleportation (left hand)
 V - an uncursed amulet of the acrobat
Wands
 d - a wand of disintegration (5)
 p - a wand of random effects (14)
 q - a wand of flame (20)
 w - a wand of paralysis (30)
 z - a wand of digging (8)
 M - a wand of acid (31)
 R - a wand of enslavement (12)
Scrolls
 h - 6 scrolls of enchant armour
 j - 5 scrolls of magic mapping
 t - 5 scrolls of remove curse
 x - 4 scrolls of blinking
 y - a scroll of fear
 C - 2 scrolls of amnesia
 D - 3 scrolls of fog
 F - a scroll of vulnerability
 G - 2 scrolls of identify
 N - 6 scrolls of teleportation
 Q - 2 scrolls of enchant weapon {unknown}
Potions
 e - 2 potions of magic
 l - 7 potions of curing
 m - 2 potions of degeneration
 r - 3 potions of heal wounds
 s - a potion of experience {unknown}
 v - 3 potions of brilliance
 A - 2 potions of lignification
 B - 2 potions of agility
 E - a potion of mutation
 I - a potion of might
 P - 2 potions of flight
 S - a potion of haste {unknown}
Comestibles
 f - 23 rations


   Skills:
 + Level 8.6 Fighting
 + Level 14.1 Axes
 + Level 9.6 Armour
 + Level 6.8 Dodging
 - Level 0.5 Stealth
 + Level 12.4 Shields
 + Level 1.9 Evocations


You had 11 spell levels left.
You didn't know any spells.
Your spell library contained the following spells:

 Spells                   Type           Power        Failure   Level  Hunger
 Corona                   Hex            #......      63%         1    ##.....
 Slow                     Hex            #.......     77%         2    ###....
 Inner Flame              Hex/Fire       #.......     94%         3    ####...
 Portal Projectile        Hex/Tloc       #.....       94%         3    ####...
 Cause Fear               Hex            #.........   100%        4    #####..
 Leda's Liquefaction      Hex/Erth       #.........   100%        4    #####..


Dungeon Overview and Level Annotations

Branches:
Dungeon (12/15)            Temple (1/1) D:5            Lair (4/6) D:8
  Swamp (0/4) Lair:2        Snake (0/4) Lair:3          Orc (0/2) D:9

Altars:
Ashenzari
Dithmenos
Elyvilon
Gozag
Hepliaklqana
Makhleb
Okawaru
Sif Muna
Trog
Uskayaw
Vehumet
Wu Jian

Shops:
D:9 (   D:10 (

Annotations:
D:10 2 transporters
Lair:4 Snorg


Innate Abilities, Weirdness & Mutations

You are resistant to damage.
You can heal yourself by infusing magical energy.
You passively map the area around you.
You do not regenerate.
Your flesh is heat resistant. (rF+)
You are robust. (+10% HP)


Message History

Snorg is severely wounded.
Snorg bites you!
* * * LOW HITPOINT WARNING * * *
Snorg claws you!
* * * LOW HITPOINT WARNING * * *
Snorg claws you but does no damage.
Unknown command.
Okay, then.
Evoke which item? (* to show all) (? for menu, Esc to quit)
Aiming: Disintegrate
Press: ? - help, Shift-Dir - straight line, f - Snorg
Aim: Snorg (severely wounded, berserk, fast, unusually strong, chance to defeat MR: 38%) Snorg resists with some effort.
You block Snorg's attack. x2
Snorg misses you.
Blink to where?
Press: ? - help, Dir - move target cursor, p - Snorg You are very lightly contaminated with residual magic.
As you read the scroll of blinking, it crumbles to dust.
You block Snorg's attack. Snorg claws you!!
You die...

## #....##..##.........
* *
.###....................
,
....)...................
, *
....P...................
,
....P...................
, ,
....#...................
,,
.....#..................
, , ,
......................P#
, ,
..#............T@..?..#
* , ,
..#.........P.........#
,* ,
#*###.≈.≈≈≈≈..........#*
# #?≈≈≈≈≈≈≈≈...?.....#
** #
*#.≈≈≈≈≈≈≈≈........<.# .
#.≈≈≈≈≈≈≈≈≈†.$.......# #
..≈≈≈≈≈≈≈≈≈≈........## #
..≈≈≈≈≈..≈.#........#
.*#≈≈≈≈≈.>.≈..#........


You could see Snorg (berserk).

Vanquished Creatures
  Erolcha (D:9)
  Harold (D:7)
  2 two-headed ogres
  A death yak (Lair:4)
  An unseen horror (D:11)
  3 ugly things
  2 manticores
  2 black mambas
  A torpor snail (Lair:3)
  2 spiny frogs
  4 komodo dragons
  2 rime drakes
  A polar bear (Lair:4)
  2 trolls
  8 dream sheep
  7 hippogriffs
  Sigmund (D:2)
  5 blink frogs (Lair:2)
  A spriggan (D:11)
  4 wyverns
  14 yaks
  A hungry ghost (D:7)
  4 basilisks
  3 vampire mosquitoes (D:12)
  An acid dragon (D:12)
  4 nagas (Lair:3)
  5 water moccasins
  7 porcupines
  5 orc warriors
  3 black bears
  2 sky beasts
  3 ice beasts (D:8)
  2 phantoms
  5 ogres
  3 centaurs
  3 wolves (Lair:2)
  5 crocodiles
  A big kobold (D:7)
  10 bullfrogs
  A gnoll sergeant (D:5)
  A wyvern zombie (D:10)
  A wyvern skeleton (D:11)
  3 scorpions
  7 killer bees
  An electric eel (D:7)
  4 howler monkeys
  A bullfrog zombie (D:9)
  A centaur zombie (D:10)
  7 crimson imps
  4 bullfrog skeletons
  4 hounds
  5 centaur skeletons
  A jelly (D:5)
  10 orc priests
  Crazy Yiuf (D:2)
  3 worker ants
  5 iguanas
  17 orc wizards
  2 hound zombies
  A hound skeleton (D:9)
  2 worker ant zombies
  5 gnolls (D:5)
  11 adders
  2 shadow imps
  2 oozes
  An adder skeleton (D:6)
  A worm (D:2)
  8 leopard geckos
  36 orcs
  A ball python (D:1)
  9 bats
  7 giant cockroaches
  6 goblins
  9 hobgoblins
  11 jackals
  3 quokkas
  4 frilled lizards
  A jackal skeleton (D:5)
  16 kobolds
  3 leopard gecko skeletons
  A quokka skeleton (D:4)
  6 rats
  A butterfly (D:5)
  A fungus (Lair:4)
359 creatures vanquished.

Vanquished Creatures (others)
  A centaur (D:8)
  2 plants
3 creatures vanquished.

Grand Total: 362 creatures vanquished

Notes
Turn   | Place    | Note
-------+----------+-------------------------------------------
     0 | D:1      | Kairos the Deep Dwarf Fighter began the quest for the Orb.
     0 | D:1      | Reached XP level 1. HP: 20/20 MP: 1/1
   129 | D:1      | Reached XP level 2. HP: 27/27 MP: 2/2
   828 | D:2      | Found a white marble altar of Elyvilon.
   863 | D:2      | Reached XP level 3. HP: 29/34 MP: 3/3
   929 | D:2      | Found a runed translucent door.
   930 | D:2      | Noticed Crazy Yiuf
   990 | D:2      | Reached skill level 3 in Axes
  1063 | D:2      | Reached XP level 4. HP: 30/42 MP: 4/4
  1075 | D:2      | Noticed Sigmund
  1553 | D:2      | Killed Sigmund
  1553 | D:2      | Reached skill level 4 in Axes
  1553 | D:2      | Reached skill level 1 in Dodging
  1553 | D:2      | Reached XP level 5. HP: 34/49 MP: 4/4
  1712 | D:2      | Killed Crazy Yiuf
  1712 | D:2      | Reached XP level 6. HP: 56/56 MP: 4/4
  1831 | D:3      | Found a hazy altar of Hepliaklqana.
  2136 | D:3      | Reached skill level 5 in Axes
  2273 | D:3      | Reached skill level 5 in Shields
  2299 | D:3      | Found a shattered altar of Ashenzari.
  2299 | D:3      | Found a deep blue altar of Sif Muna.
  2439 | D:4      | Reached XP level 7. HP: 59/62 MP: 5/5
  2615 | D:4      | Reached skill level 6 in Axes
  2944 | D:5      | Entered Level 5 of the Dungeon
  3355 | D:5      | Reached skill level 5 in Armour
  3355 | D:5      | Reached XP level 8. HP: 16/72 MP: 5/5
  3397 | D:5      | Found a staircase to the Ecumenical Temple.
  3409 | Temple   | Entered the Ecumenical Temple
  3435 | Temple   | Became a worshipper of Makhleb the Destroyer
  3480 | D:5      | Reached skill level 7 in Axes
  3857 | D:6      | Gained mutation: Armour fits poorly on your strangely
                  | shaped body. [potion of mutation]
  3857 | D:6      | Gained mutation: Your spells are a little harder to cast,
                  | but a little more powerful. [potion of mutation]
  3857 | D:6      | Gained mutation: Your flesh is cold resistant. (rC+)
                  | [potion of mutation]
  3858 | D:6      | Lost mutation: Armour fits poorly on your strangely shaped
                  | body. [potion of mutation]
  3858 | D:6      | Lost mutation: Your spells are a little harder to cast, but
                  | a little more powerful. [potion of mutation]
  3858 | D:6      | Lost mutation: Your flesh is cold resistant. (rC+) [potion
                  | of mutation]
  3858 | D:6      | Gained mutation: Your flesh is heat resistant. (rF+)
                  | [potion of mutation]
  3858 | D:6      | Gained mutation: You are robust. (+10% HP) [potion of
                  | mutation]
  3925 | D:6      | Found a shattered altar of Ashenzari.
  4072 | D:6      | Reached skill level 8 in Axes
  4416 | D:7      | Reached * piety under Makhleb
  4442 | D:7      | Noticed a troll
  4443 | D:7      | Gained mutation: You passively map the area around you.
                  | [Deep Dwarf growth]
  4443 | D:7      | Reached XP level 9. HP: 73/86 MP: 5/5
  4458 | D:7      | Killed a troll
  4476 | D:7      | Found a shadowy altar of Dithmenos.
  4617 | D:7      | Reached skill level 9 in Axes
  4925 | D:7      | Found an ornate altar of the Wu Jian Council.
  4977 | D:7      | Reached skill level 5 in Fighting
  5010 | D:7      | Noticed Harold
  5056 | D:7      | Killed Harold
  5056 | D:7      | Reached skill level 10 in Axes
  5362 | D:8      | Identified the ring "Nelio" {EV+2 Int+4}
  5376 | D:8      | Reached ** piety under Makhleb
  5617 | D:8      | Reached XP level 10. HP: 92/96 MP: 6/6
  5655 | D:8      | Found a staircase to the Lair.
  6217 | Lair:1   | Entered Level 1 of the Lair of Beasts
  6222 | Lair:1   | Noticed a black mamba
  6253 | Lair:1   | Killed a black mamba
  6297 | D:9      | Noticed a two-headed ogre
  6298 | D:9      | Found Hoekkap's Antique Weapon Shop.
  6336 | D:8      | Reached skill level 11 in Axes
  6569 | D:9      | Noticed Erolcha
  6581 | D:9      | Killed Erolcha
  6581 | D:9      | Reached skill level 1 in Evocations
  6638 | D:9      | Reached *** piety under Makhleb
  6661 | D:9      | Found a shattered altar of Ashenzari.
  6714 | D:9      | Found a staircase to the Orcish Mines.
  6954 | D:9      | Killed a two-headed ogre
  6954 | D:9      | Reached XP level 11. HP: 57/107 MP: 4/4
  6978 | D:9      | Bought a runed morningstar for 182 gold pieces
  7010 | D:10     | Entered Level 10 of the Dungeon
  7017 | D:10     | Got a jasper-encrusted ring mail
  7025 | D:10     | Reached skill level 10 in Shields
  7036 | D:10     | Identified the cursed +1 ring mail "Kyacag" {rF++ Int-4}
                  | (You found it on level 10 of the Dungeon)
  7128 | D:10     | Found a transporter.
  7345 | D:10     | Found a radiant altar of Vehumet.
  7360 | D:10     | Found a transporter.
  7415 | D:10     | Found Vatae's Weapon Shoppe.
  7442 | D:11     | Noticed a red ugly thing
  7495 | D:11     | Found an ornate altar of the Wu Jian Council.
  7520 | D:11     | Noticed a brown ugly thing
  7550 | D:11     | Killed an unseen horror
  7550 | D:11     | Reached skill level 12 in Axes
  7554 | D:11     | Killed a brown ugly thing
  7576 | D:11     | Killed a brown ugly thing
  7674 | D:11     | Reached **** piety under Makhleb
  7739 | D:11     | Noticed a two-headed ogre
  7755 | D:11     | Killed a two-headed ogre
  8079 | D:12     | Found an opulent altar of Gozag.
  8151 | D:12     | Noticed a purple ugly thing
  8175 | D:12     | Killed a purple ugly thing
  8260 | D:12     | HP: 4/110 [manticore (4)]
  8279 | D:12     | Reached skill level 5 in Dodging
  8690 | Lair:1   | You fall through a shaft!
  8732 | Lair:2   | Reached XP level 12. HP: 79/119 MP: 2/2
  8755 | Lair:2   | Reached skill level 13 in Axes
  8786 | Lair:2   | Reached ***** piety under Makhleb
  9068 | Lair:2   | Found an iron altar of Okawaru.
  9161 | Lair:2   | Found a staircase to the Swamp.
  9907 | Lair:3   | Found a staircase to the Snake Pit.
 10333 | Lair:4   | Noticed a death yak
 10359 | Lair:4   | Killed a death yak
 10361 | Lair:4   | Noticed a death yak
 10420 | Lair:3   | Reached skill level 14 in Axes
 10613 | Lair:4   | Noticed Snorg
 10644 | Lair:4   | Slain by Snorg

Skill      XL: |  1  2  3  4  5  6  7  8  9 10 11 12 |
---------------+-------------------------------------+-----
Fighting       | 3 4 5 6 7 8 |  8.6
Shields        | 4 5 6 7 8 9 11 12 | 12.4
Axes           | 3 4 5 6 8 10 11 12 14 | 14.1
Armour         | 4 5 7 8 9 |  9.6
Dodging        | 1 2 3 5 6 |  6.8
Evocations     | 1 |  1.9
Stealth        | |  0.5

Action                   |  1- 3 |  4- 6 |  7- 9 | 10-12 || total
-------------------------+-------+-------+-------+-------++-------
Melee: War axe           |   108 |   143 |   479 |   291 ||  1021
       Unarmed           |       |     3 |       |       ||     3
       Hand axe          |       |       |       |   707 ||   707
 Abil: Heal Wounds       |       |     4 |    15 |    23 ||    42
Evoke: Wand              |       |     1 |     4 |    14 ||    19
  Use: Potion            |       |       |     5 |     1 ||     6
       Scroll            |       |       |       |    19 ||    19
  Eat: Chunk             |       |     1 |    13 |     9 ||    23
       Ration            |       |     1 |     1 |     2 ||     4
Armor: Scale mail        |    77 |    46 |    88 |       ||   211
       Plate armour      |       |       |    79 |   116 ||   195
       Ring mail         |       |       |       |   112 ||   112
       Skin              |       |       |       |    16 ||    16
Dodge: Dodged            |    48 |    34 |   126 |   325 ||   533
Block: Shield            |    79 |    86 |   325 |   662 ||  1152
       Reflection        |       |       |     8 |     8 ||    16
